 Dungeon Crawl Stone Soup version 0.31.0-32-g396128a36d (webtiles) character file.

Game seed: 3876098508953460230

177 unlimited1921 the Firebug (level 5, -5/37 HPs)
             Began as a Gnoll Fire Elementalist on Apr 8, 2024.
             Killed by an exploding goblin (42 damage)
             ... ignited by their inner flame
             ... on level 3 of the Dungeon.
             The game lasted 00:10:34 (7460 turns).

unlimited1921 the Firebug (Gnoll Fire Elementalist) Turns: 7460, Time: 00:10:42

Health: -5/37      AC:  2    Str:  7    XL:     5   Next: 57%
Magic:  8/12       EV: 13    Int: 16    God:
Gold:   113        SH:  0    Dex: 13    Spells: 8/14 levels left

rFire   . . .        h - +0 short sword (drain)
rCold   . . .        (no shield)
rNeg    . . .        a - +0 robe
rPois   .            (no helmet)
rElec   .            (no cloak)
rCorr   .            (no gloves)
SInv    .            (no boots)
Will    .....        (no amulet)
Stlth   +++          (no ring)
HPRegen 0.26/turn    (no ring)
MPRegen 0.13/turn

%: no passive effects
@: no status effects
A: fangs 1, strong nose, distributed training
a: no special abilities


You were on level 3 of the Dungeon.
You visited 1 branch of the dungeon, and saw 3 of its levels.

You collected 211 gold pieces.
You spent 98 gold pieces at shops.

Inventory:

Hand Weapons
 h - a +0 short sword of draining (weapon)
Missiles
 m - 2 poisoned darts
 r - 6 atropa-tipped darts
Armour
 a - a +0 robe (worn)
 g - a scarf of shadows
 k - a +0 leather armour
 o - a +0 ring mail
Scrolls
 e - a scroll of poison {unknown}
 i - a scroll of noise {unknown}
 j - a scroll of enchant armour {unknown}
 p - a scroll of amnesia {unknown}
 s - a scroll of immolation
 t - 2 scrolls of teleportation
Potions
 b - a potion of magic
 c - a potion of might
 d - a potion of ambrosia
 f - a potion of haste
 l - 2 potions of brilliance {unknown}
 n - 2 potions of mutation {unknown}


   Skills:
 + Level 1.6 Fighting
 + Level 1.6 Short Blades
 + Level 1.6 Long Blades
 + Level 1.6 Axes
 + Level 1.6 Maces & Flails
 + Level 1.6 Polearms
 + Level 1.6 Staves
 + Level 1.6 Ranged Weapons
 + Level 1.6 Throwing
 + Level 1.6 Armour
 + Level 4.8 Dodging
 + Level 4.4 Stealth
 + Level 1.6 Shields
 + Level 1.6 Unarmed Combat
 + Level 5.2 Spellcasting
 + Level 2.4 Conjurations
 + Level 1.3 Hexes
 + Level 1.3 Summonings
 + Level 1.3 Necromancy
 + Level 1.3 Translocations
 + Level 5.6 Fire Magic
 + Level 1.3 Ice Magic
 + Level 1.3 Air Magic
 + Level 1.3 Earth Magic
 + Level 1.3 Alchemy
 + Level 1.8 Invocations
 + Level 1.6 Evocations
 + Level 1.4 Shapeshifting


You had 8 spell levels left.
You knew the following spells:

 Your Spells              Type           Power      Damage    Failure   Level
a - Foxfire               Conj/Fire      68%        2x1d7     2%          1
b - Scorch                Fire           44%        2d6       2%          2
c - Inner Flame           Hex/Fire       15%        N/A       11%         3

Your spell library contained the following spells:

 Spells                   Type           Power      Damage    Failure   Level
 Volatile Blastmotes      Fire/Tloc      30%        2d12      11%         3
 Flame Wave               Conj/Fire      17%        2d7       28%         4


Dungeon Overview and Level Annotations

Branches:
Dungeon (3/15)

Altars:
Hepliaklqana

Shops:
D:1 (   D:2 :?(


Innate Abilities, Weirdness & Mutations

You have very sharp teeth.
Your uncanny sense of smell can sniff out nearby items.
Your experience applies equally to all skills.


Message History

You open the door.
There is an open door here.
An endoplasm comes into view.
You conjure some foxfire!
The endoplasm quivers.
You conjure some foxfire!
The foxfire hits the endoplasm.
The endoplasm is heavily wounded.
You conjure some foxfire!
The foxfire hits the endoplasm.
You kill the endoplasm!
You conjure some foxfire!
Your foxfire dissipates!
You start resting.
Your foxfire dissipates! x3
You start resting.
Your foxfire dissipates!
You start resting.
Magic restored.
You start waiting.
Done waiting.
You start waiting.
Done waiting.
Found a stone staircase leading down. 2 goblins come into view.
A goblin comes into view. It is wielding a +0 dagger.
A goblin comes into view. It is wielding a +0 dagger.
The goblin shouts! x4; You hear a shout! x2
Casting: Foxfire (safe; 2% risk of failure)
Confirm with . or Enter, or press ? or * to list all spells.
Aiming: Inner Flame (dangerous; 11% risk of failure)
Press: ? - help, Dir - move target, f - goblin
Aim: a goblin, wielding a +0 club (chance to affect: 83%)
The goblin is filled with an inner flame.
A hobgoblin comes into view.
Casting: Inner Flame (dangerous; 11% risk of failure)
Confirm with . or Enter, or press ? or * to list all spells.
You conjure some foxfire!
The foxfire hits the goblin!
The goblin explodes!
The fiery explosion engulfs you!!!
Ouch! That really hurt!
You die... ###.#### .......### ##.... ....##...# ∆..... ....####.# ..g. ....# #.## .gg

....# #..## ∆ .g
........#..## ##'#
........##..####§§#
#....... ##...##@#
....### ###.##v#
.... #....# ...
#..### ## ##>..
####.# #


You could see a hobgoblin and 3 goblins.

Vanquished Creatures
  Natasha (thrice) (D:2 D:1)
  Terence (D:2)
  3 adders
  A dart slug (D:1)
  3 ball pythons
  2 bats
  7 endoplasms
  3 giant cockroaches
  5 hobgoblins
  3 quokkas
  5 frilled lizards
  7 goblins
  3 kobolds
  7 rats
53 creatures vanquished.

Vanquished Creatures (others)
  171 foxfires
171 creatures vanquished.

Grand Total: 224 creatures vanquished

Notes
Turn   | Place    | Note
-------+----------+-------------------------------------------
     0 | D:1      | unlimited1921 the Gnoll Fire Elementalist began the quest
                  | for the Orb.
     0 | D:1      | Reached XP level 1. HP: 13/13 MP: 6/6
   947 | D:1      | Found Tiocw's Antique Weapon Shoppe.
  1353 | D:1      | Reached XP level 2. HP: 19/19 MP: 3/7
  2376 | D:1      | Reached skill level 5 in Spellcasting
  2376 | D:1      | Reached XP level 3. HP: 25/25 MP: 6/9
  2936 | D:2      | Found Laca's Weapon Shop.
  2939 | D:2      | Noticed Natasha
  2946 | D:2      | Killed Natasha
  2947 | D:2      | Reached skill level 1 in Fighting
  2947 | D:2      | Reached skill level 1 in Short Blades
  2947 | D:2      | Reached skill level 1 in Long Blades
  2947 | D:2      | Reached skill level 1 in Axes
  2947 | D:2      | Reached skill level 1 in Maces & Flails
  2947 | D:2      | Reached skill level 1 in Polearms
  2947 | D:2      | Reached skill level 1 in Staves
  2947 | D:2      | Reached skill level 1 in Ranged Weapons
  2947 | D:2      | Reached skill level 1 in Throwing
  2947 | D:2      | Reached skill level 1 in Armour
  2947 | D:2      | Reached skill level 1 in Shields
  2947 | D:2      | Reached skill level 1 in Unarmed Combat
  2947 | D:2      | Reached skill level 1 in Invocations
  2947 | D:2      | Reached skill level 1 in Evocations
  2968 | D:2      | Reached skill level 1 in Shapeshifting
  2968 | D:2      | Reached XP level 4. HP: 32/32 MP: 4/11
  3041 | D:2      | Noticed Natasha
  3057 | D:2      | Killed Natasha
  3058 | D:2      | Reached skill level 1 in Hexes
  3058 | D:2      | Reached skill level 1 in Summonings
  3058 | D:2      | Reached skill level 1 in Necromancy
  3058 | D:2      | Reached skill level 1 in Translocations
  3058 | D:2      | Reached skill level 1 in Ice Magic
  3058 | D:2      | Reached skill level 1 in Air Magic
  3058 | D:2      | Reached skill level 1 in Earth Magic
  3058 | D:2      | Reached skill level 1 in Alchemy
  3094 | D:2      | Noticed Natasha
  3332 | D:1      | Learned a level 2 spell: Scorch
  3336 | D:1      | Learned a level 3 spell: Inner Flame
  3341 | D:1      | Killed Natasha
  4193 | D:2      | Reached XP level 5. HP: 37/37 MP: 6/12
  4674 | D:2      | Found a hazy altar of Hepliaklqana.
  4760 | D:2      | Found Ugumaeq's Book Shoppe.
  5789 | D:2      | Found Alon's Magic Scroll Boutique.
  5796 | D:2      | Bought a scroll of identify for 28 gold pieces
  5796 | D:2      | Bought a scroll of identify for 28 gold pieces
  5796 | D:2      | Bought a scroll of teleportation for 42 gold pieces
  5840 | D:2      | Noticed Terence
  5847 | D:2      | Killed Terence
  7460 | D:3      | Killed by an exploding goblin... ignited by their inner
                  | flame

Illustrated notes

Levels and vault maps discovered:
D:1:      wander_arrival_abandoned_jail, layout_loops_ring, serial_shops, shop,
          minmay_pentomino_x2
D:2:      layout_loops_ring, basic_altar, serial_shops,
          nicolae_shop_just_a_little_nook, shop, shop, uniq_natasha,
          uniq_terence
D:3:      minmay_recursive_quarters, layout_basic, minmay_distorted, uniq_robin

Skill      XL: |  1  2  3  4 |
---------------+-------------+-----
Conjurations   | 2 |  2.4
Spellcasting   | 5 |  5.2
Fighting       | 1 |  1.6
Short Blades   | 1 |  1.6
Long Blades    | 1 |  1.6
Axes           | 1 |  1.6
Maces & Flails | 1 |  1.6
Polearms       | 1 |  1.6
Staves         | 1 |  1.6
Ranged Weapons | 1 |  1.6
Throwing       | 1 |  1.6
Armour         | 1 |  1.6
Shields        | 1 |  1.6
Unarmed Combat | 1 |  1.6
Invocations    | 1 |  1.8
Evocations     | 1 |  1.6
Shapeshifting  | 1 |  1.4
Hexes          | 1 |  1.3
Summonings     | 1 |  1.3
Necromancy     | 1 |  1.3
Translocations | 1 |  1.3
Ice Magic      | 1 |  1.3
Air Magic      | 1 |  1.3
Earth Magic    | 1 |  1.3
Alchemy        | 1 |  1.3
Dodging        | |  4.8
Stealth        | |  4.4
Fire Magic     | |  5.6

Action                     |  1- 3 |  4- 6 || total
---------------------------+-------+-------++-------
  Melee: Short sword       |     4 |     2 ||     6
   Cast: Foxfire           |    55 |    56 ||   111
         Scorch            |       |    14 ||    14
         Inner Flame       |       |     1 ||     1
    Use: Scroll            |       |     5 ||     5
 Armour: Robe              |     5 |     8 ||    13
  Dodge: Dodged            |     4 |     9 ||    13
